 Dungeon Crawl Stone Soup version 0.28-a0-664-gc179e30c89 (webtiles) character file.

Game seed: 11940378741962941155

1985 Irenicus the Earth Mage (level 9, -7/68 HPs)
             Began as a Deep Dwarf Earth Elementalist on Oct 15, 2021.
             Was an Initiate of Makhleb.
             Shot with an arrow by a centaur (9 damage)
             ... on level 5 of the Dungeon.
             The game lasted 00:18:30 (2414 turns).

Irenicus the Earth Mage (DDEE)                      Turns: 2414, Time: 00:18:32

Health: -7/68      AC:  5    Str: 13    XL:     9   Next: 1%
Magic:  9/11       EV: 12    Int: 18    God:    Makhleb [......]
Gold:   152        SH:  0    Dex: 13    Spells: 5/11 levels left

rFire   . . .      SeeInvis .   o - +7 Singing Sword {vorpal, sonic wave}
rCold   . . .      Faith    .   (no shield)
rNeg    . . .      Spirit   .   n - +1 leather armour
rPois   .          Reflect  .   (no helmet)
rElec   .          Harm     .   e - +0 cloak
rCorr   +          Rampage  .   (no gloves)
Will    +....                   (no boots)
Stlth   ++........              (no amulet)
HPRegen 0.00/turn               R - ring of resist corrosion
MPRegen 0.12/turn               (no ring)

@: no status effects
A: damage resistance, heal wounds, sense surroundings 2, no regeneration
a: Heal Wounds, Renounce Religion


You were on level 5 of the Dungeon.
You worshipped Makhleb.
Makhleb was noncommittal.
You visited 2 branches of the dungeon, and saw 8 of its levels.

You collected 246 gold pieces.
You spent 94 gold pieces at shops.


Innate Abilities, Weirdness & Mutations

You are resistant to damage.
You can heal yourself by infusing magical energy.
You passively map the area around you.
You do not regenerate.


   Skills:
 - Level 2.1 Dodging
 - Level 2.4 Stealth
 - Level 1.7 Spellcasting
 - Level 0.8 Transmutations
 + Level 15.4 Earth Magic


You had 5 spell levels left.
You knew the following spells:

 Your Spells              Type           Power      Damage    Failure   Level
t - Stone Arrow           Conj/Erth      58%        3d10      3%          3
w - Passwall              Tmut/Erth      25%        N/A       1%          2
z - Sandblast             Erth           100%       2d20      1%          1

Your spell library contained the following spells:

 Spells                   Type           Power      Damage    Failure   Level
 Petrify                  Tmut/Erth      30%        N/A       9%          4
 Frozen Ramparts          Ice            2%         1d2       56%         3
 Inner Flame              Hex/Fire       1%         N/A       56%         3
 Ice Form                 Ice/Tmut       3%         N/A       89%         4
 Airstrike                Air            0%         N/A       93%         4
 Cause Fear               Hex            0%         N/A       93%         4
 Summon Ice Beast         Ice/Summ       1%         N/A       93%         4
 Summon Lightning Spire   Summ/Air       1%         N/A       93%         4
 Lightning Bolt           Conj/Air       0%         1d11      100%        5
 Discord                  Hex            0%         N/A       100%        8

Inventory:

Hand Weapons
 j - a +0 dagger
 l - a +3 quarterstaff of chaos
 o - the +7 Singing Sword (weapon) {vorpal, sonic wave}
   (You found it on level 7 of the Dungeon)

   It inflicts extra damage upon your enemies.
   It radiates damaging sonic waves as it strikes, especially in combat
   involving dangerous or numerous foes.
 p - the +9 long sword of Popular Demand {vorpal, Stlth+}
   (You took it off a kobold on level 6 of the Dungeon)

   It inflicts extra damage upon your enemies.
   Stlth:     It makes you more stealthy.
 q - a +4 dagger
Missiles
 c - 29 stones
Armour
 e - a +0 cloak (worn)
 n - a +1 leather armour (worn)
Magical Staves
 d - a staff of poison {!a}
Jewellery
 R - a ring of resist corrosion (left hand)
Wands
 g - a wand of acid (13)
Scrolls
 a - 2 scrolls of torment {unknown}
 b - a scroll of noise {unknown}
 f - 3 scrolls of teleportation {@r2}
 i - 3 scrolls of identify {@r1}
 m - a scroll of magic mapping
 r - a scroll of fear {unknown}
 s - a scroll of holy word {unknown}
Potions
 h - 2 potions of curing {@q1}

Dungeon Overview and Level Annotations

Branches:
Dungeon (7/15)             Temple (1/1) D:7

Altars:
Cheibriados
Dithmenos
Elyvilon
Fedhas
Hepliaklqana
Kikubaaqudgha
Makhleb
Nemelex Xobeh
Okawaru
Qazlal
Ru
Sif Muna
Trog
Uskayaw
Vehumet
Wu Jian
Xom
Yredelemnul
Zin

Shops:
D:5

=?[=* #.##.#,* #.##.#,*
#.##.#,***********
#.##.#,,,,,,,,,,,*
#######.##.#**********,*
....).(.##.# *,*
######.#.#.####### *,*
#....###........# *,*
#.###.#.#.#####@# *,*
#,* ##.##.# #.#****,*
#.####.##.#####.c..c..#
#...#8.8#........######
#.#.........###.##
*#.###8.8#.....#.# ##.#
##.##...<.#.# .#.#
#.......#..# #).#
##.......###


You could see a centaur.


Message History

Magic restored.
A centaur comes into view.
The centaur shouts!
Casting: Sandblast (safe; 1% risk of failure)
Confirm with . or Enter, or press ? or * to list all spells.
You don't know that spell.
Okay, then.
As you read the scroll labelled ETRYEBB ILOBB, it crumbles to dust.
It is a scroll of enchant armour.
Your +0 leather armour glows green for a moment.
The centaur wields a +0 shortbow.
The centaur shoots an arrow.
The arrow misses you.
Casting: Sandblast (safe; 1% risk of failure)
Confirm with . or Enter, or press ? or * to list all spells.
Aiming: Sandblast (safe; 1% risk of failure)
Press: ? - help, Shift-Dir - straight line, f - centaur
Aim: a centaur, wielding a +0 shortbow and quivering arrows (90% to hit)
The blast of sand hits the centaur.
The centaur is lightly wounded.
The centaur shoots an arrow.
The arrow hits you!
* * * LOW HITPOINT WARNING * * *
Casting: Sandblast (safe; 1% risk of failure)
Confirm with . or Enter, or press ? or * to list all spells.
Aiming: Sandblast (safe; 1% risk of failure)
Press: ? - help, Shift-Dir - straight line, f/p - centaur
Aim: a centaur, wielding a +0 shortbow and quivering arrows (lightly wounded, 90% to hit)
The blast of sand hits the centaur!
The centaur is severely wounded.
The centaur shoots an arrow.
The arrow hits you!
You die...

Skill      XL: |  1  2  3  4  5  6  7  8 |
---------------+-------------------------+-----
Earth Magic    | 5 7 8 9 10 12 15 | 15.4
Dodging        | |  2.1
Stealth        | |  2.4
Spellcasting   | |  1.7
Transmutations | |  0.8

Action                   |  1- 3 |  4- 6 |  7- 9 || total
-------------------------+-------+-------+-------++-------
Melee: Club              |    29 |       |       ||    29
       Unarmed           |     1 |       |       ||     1
       Dagger            |     5 |       |       ||     5
       Quarterstaff      |       |       |    20 ||    20
       Double sword      |       |       |     8 ||     8
 Cast: Sandblast         |    41 |    27 |    65 ||   133
       Passwall          |     5 |     2 |     7 ||    14
       Stone Arrow       |       |       |     5 ||     5
 Abil: Heal Wounds       |       |       |     3 ||     3
  Use: Potion            |     1 |       |     3 ||     4
       Scroll            |       |     5 |     2 ||     7
 Stab: Sleeping          |     1 |       |       ||     1
       Held in net/web   |       |       |     1 ||     1
Armor: Robe              |    10 |     3 |       ||    13
       Leather armour    |       |       |    17 ||    17
Dodge: Dodged            |    41 |     4 |    46 ||    91

Levels and vault maps discovered:
D:1:      lightli_arrival_chessboard, layout_loops_ring,
          shapermc_ecumenical_altar_ellora, chequers_serial_rivers_small_b
D:2:      layout_loops_corners
D:3:      layout_basic, mainiacjoe_overflow_boulevard, serial_shops,
          nicolae_shop_overgrown_old_shop
D:4:      layout_loops_corners, minmay_checkerbox
D:5:      layout_loops_ring, grunt_temple_overflow_champion_of_chaos,
          st_stairs_7, chequers_serial_rivers_micro_e,
          small_statue_intersection, nicolae_stop_n_shop_2,
          minmay_shop_grid_forest, nrook_loot_triangle, uniq_crazy_yiuf_cottage
D:6:      cheibrodos_thug_alley, layout_basic, amcnicky_altar_gilded,
          nrook_campfire, columned_hall_lemuel, uniq_eustachio
D:7:      old_forge, layout_layer_cave, lemuel_tele_altar, temple_pool_b,
          hangedman_decor_peaks_small
Temple:   eino_temple_scatter_basement

Notes
Turn   | Place    | Note
-------+----------+-------------------------------------------
     0 | D:1      | Irenicus the Deep Dwarf Earth Elementalist began the quest
                  | for the Orb.
     0 | D:1      | Reached XP level 1. HP: 15/15 MP: 3/3
   133 | D:1      | Found a faded altar of an unknown god.
   183 | D:1      | Reached XP level 2. HP: 19/22 MP: 1/4
   234 | D:1      | Reached skill level 5 in Earth Magic
   336 | D:1      | Learned a level 2 spell: Passwall
   585 | D:2      | Reached XP level 3. HP: 17/28 MP: 3/5
   647 | D:2      | Reached skill level 6 in Earth Magic
   862 | D:5      | Entered Level 5 of the Dungeon
   865 | D:5      | Found Vur Soci's Jewellery Shop.
   865 | D:5      | Noticed a centaur
   870 | D:5      | Killed a centaur
   871 | D:5      | Reached skill level 7 in Earth Magic
   871 | D:5      | Reached XP level 4. HP: 17/36 MP: 2/6
   873 | D:5      | Found Huratith's Armour Shop.
   873 | D:5      | Found Nacywyo's Jewellery Shop.
   892 | D:5      | Found Donkext's Magic Scroll Shop.
   899 | D:5      | Reached skill level 8 in Earth Magic
   899 | D:5      | Reached XP level 5. HP: 18/42 MP: 1/7
   929 | D:5      | Bought a scroll of magic mapping for 38 gold pieces
   930 | D:5      | Bought a scroll of magic mapping for 38 gold pieces
   962 | D:5      | Found a runed translucent door.
   963 | D:5      | Noticed Crazy Yiuf
   970 | D:5      | Killed Crazy Yiuf
  1003 | D:5      | Reached skill level 9 in Earth Magic
  1003 | D:5      | Reached XP level 6. HP: 21/49 MP: 4/8
  1019 | D:5      | Found Rasiasud's General Store.
  1027 | D:5      | Bought 12 stones for 18 gold pieces
  1138 | D:6      | Found a sparkling altar of Nemelex Xobeh.
  1192 | D:6      | Noticed Eustachio
  1204 | D:6      | Killed Eustachio
  1205 | D:6      | Reached skill level 10 in Earth Magic
  1338 | D:6      | Noticed a sky beast
  1343 | D:6      | Killed a sky beast
  1344 | D:6      | Reached XP level 7. HP: 20/55 MP: 6/9
  1365 | D:6      | Reached skill level 11 in Earth Magic
  1479 | D:7      | Reached skill level 12 in Earth Magic
  1518 | D:7      | Reached XP level 8. HP: 14/62 MP: 1/10
  1664 | D:7      | Found a staircase to the Ecumenical Temple.
  1671 | D:7      | Reached skill level 13 in Earth Magic
  1691 | Temple   | Entered the Ecumenical Temple
  1943 | D:7      | Learned a level 3 spell: Stone Arrow
  1955 | D:7      | Found a radiant altar of Vehumet.
  2030 | D:7      | Reached skill level 14 in Earth Magic
  2048 | D:7      | Found the +7 Singing Sword {vorpal, sonic wave}
  2114 | D:6      | Identified the +9 long sword of Popular Demand {vorpal,
                  | Stlth+}
  2252 | D:5      | Found a burning altar of Makhleb.
  2253 | D:5      | Found a shimmering altar of Xom.
  2256 | D:5      | Reached skill level 15 in Earth Magic
  2258 | D:5      | Became a worshipper of Makhleb the Destroyer
  2288 | D:5      | HP: 3/62 [water moccasin (6)]
  2288 | D:5      | HP: 1/62 [water moccasin (2)]
  2292 | D:5      | Gained mutation: You passively map the area around you.
                  | [Deep Dwarf growth]
  2292 | D:5      | Reached XP level 9. HP: 12/68 MP: 0/11
  2413 | D:5      | HP: 2/68 [centaur/arrow (10)]
  2414 | D:5      | Shot with an arrow by a centaur

Vanquished Creatures
  Eustachio (D:6)
  A water moccasin (D:5)
  An orc warrior (D:6)
  A sky beast (D:6)
  A black bear (D:7)
  An ogre (D:5)
  3 centaurs
  2 kobold brigands (D:6)
  A gnoll sergeant (D:7)
  3 scorpions (D:7)
  A water moccasin zombie (D:5)
  2 howler monkeys
  A crimson imp (D:5)
  A centaur zombie (D:7)
  3 jellies
  Crazy Yiuf (D:5)
  3 centaur skeletons (D:7)
  2 hounds (D:5)
  A bullfrog skeleton (D:5)
  A gnoll shaman (D:7)
  An iguana (D:6)
  An orc wizard (D:6)
  9 gnolls (D:7)
  6 adders
  A white imp (D:6)
  An ufetubus (D:7)
  2 worms (D:2)
  A dart slug (D:1)
  9 orcs
  5 bats
  2 endoplasms (D:1)
  2 giant cockroaches (D:1)
  5 hobgoblins
  2 quokkas (D:1)
  3 ball pythons (D:1)
  2 frilled lizards (D:1)
  A goblin (D:2)
  6 kobolds
  3 rats (D:1)
93 creatures vanquished.

Vanquished Creatures (others)
  6 fungi (D:7)
6 creatures vanquished.

Grand Total: 99 creatures vanquished

Table legend: (Time is in decaauts)
 A = Elapsed time spent in this place.
 B = Non-inter-level travel time spent in this place.
 C = Inter-level travel time spent in this place.
 D = Time resting spent in this place.
 E = Time spent auto-exploring this place.
 F = Levels seen in this place.
 G = Mean time per level.
                   A        B        C        D        E       F      G
               +--------+--------+--------+--------+--------+-----+--------+
         Total |   2420 |   2379 |     41 |      0 |     66 |   8 |  302.5 |
       Dungeon |   2328 |   2287 |     41 |      0 |     66 |   7 |  332.6 |
        Temple |     92 |     92 |      0 |      0 |      0 |   1 |   92.0 |
               +--------+--------+--------+--------+--------+-----+--------+

Top non-repeatable levels by time:
     D:6: 522 daAuts
     D:7: 522 daAuts
     D:1: 436 daAuts
     D:5: 406 daAuts
     D:3: 221 daAuts
     D:2: 207 daAuts
  Temple: 92 daAuts
     D:4: 10 daAuts

Table legend:
 A = Non-vault XP
 B = Vault XP
 C = Vault XP percentage of total XP
 D = Non-vault monster count
 E = Vault monster count
 F = Vault count percentage of total count
                 A         B        C        D         E       F
            +---------+---------+-------+---------+---------+-------
      Total |    1953 |     884 |  31.2 |      74 |      19 |  20.4
            +---------+---------+-------+---------+---------+-------
        D:1 |      33 |       0 |   0.0 |      20 |       0 |   0.0
        D:2 |      30 |       0 |   0.0 |       7 |       0 |   0.0
        D:3 |      15 |       0 |   0.0 |       5 |       0 |   0.0
        D:5 |     578 |     206 |  26.3 |      11 |       3 |  21.4
        D:6 |     571 |     405 |  41.5 |      12 |       9 |  42.9
        D:7 |     726 |     273 |  27.3 |      19 |       7 |  26.9
            +---------+---------+-------+---------+---------+-------
